 Dungeon Crawl Stone Soup version 0.24.0-35-gdb84b6a5db (webtiles) character file.

Game seed: 10935577474073934101, levelgen mode: deterministic

1680 Descartes the Skirmisher (level 9, -1/71 HPs)
             Began as a Formicid Abyssal Knight on Nov 18, 2019.
             Was an Elder of Lugonu.
             Hit by a boomerang thrown by an orc (4 damage)
             ... on level 6 of the Dungeon.
             The game lasted 00:12:54 (5074 turns).

Descartes the Skirmisher (Formicid Abyssal Knight)  Turns: 5074, Time: 00:12:54

Health: -1/71      AC: 12    Str: 17    XL:     9   Next: 21%
Magic:  13/13      EV:  8    Int: 15    God:    Lugonu [****..]
Gold:   253        SH:  3    Dex: 10    Spells: 8/8 levels left

rFire    . . .     SeeInvis +   n - +2 whip (elec)
rCold    . . .     Gourm    .   (no shield)
rNeg     . . .     Faith    .   s - +0 chain mail
rPois    .         Spirit   .   (helmet unavailable)
rElec    .         Reflect  +   z - +0 cloak
rCorr    .         Harm     .   f - +0 pair of gloves
MR       .....                  (no boots)
Stlth    ..........             l - +3 amulet of reflection
HPRegen  0.21/turn              (no ring)
MPRegen  0.13/turn              (no ring)

@: no status effects
A: permanent stasis, dig shafts and tunnels, four strong arms, antennae 3
a: Dig, Shaft Self, Depart the Abyss, Bend Space, Banish, Corrupt, Renounce
Religion


You were on level 6 of the Dungeon.
You worshipped Lugonu.
Lugonu was greatly pleased with you.
You were hungry.

You visited 1 branch of the dungeon, and saw 6 of its levels.
You visited the Abyss 1 time.

You collected 253 gold pieces.

Inventory:

Hand Weapons
 e - a +0 flail of venom
 g - a +0 dagger of venom
 k - a +3 flail of holy wrath
 n - a +2 whip of electrocution (weapon)
 v - a +0 arbalest
 E - a +2 hand axe of chopping
Missiles
 d - 5 boomerangs (quivered)
 i - 67 bolts
 o - 8 atropa-tipped darts
 p - 105 stones
 u - 6 javelins
 x - 79 arrows
 H - 39 sling bullets
 I - a throwing net
Armour
 b - a +0 leather armour
 f - a +0 pair of gloves (worn)
 j - a +0 ring mail
 s - a +0 chain mail (worn)
 z - a +0 cloak (worn)
Jewellery
 l - a +3 amulet of reflection (around neck)
 y - an uncursed ring of ice
Scrolls
 t - 2 scrolls of remove curse
 w - 2 scrolls of immolation
 B - 2 scrolls of fog {unknown}
 C - 2 scrolls of amnesia {unknown}
 D - a scroll of random uselessness {unknown}
Potions
 a - 2 potions of flight {unknown}
 h - 2 potions of magic
 q - 2 potions of brilliance
 r - 2 potions of might
 A - a potion of invisibility {unknown}
Comestibles
 c - 14 rations


   Skills:
 + Level 6.5 Fighting
 + Level 4.5(4.9) Axes
 - Level 2.8(4.1) Maces & Flails
 + Level 5.6 Armour
 + Level 4.4 Dodging
 + Level 6.0 Invocations


You had 8 spell levels left.
You didn't know any spells.
Your spell library was empty.

Dungeon Overview and Level Annotations

Branches:
Dungeon (6/15)
 Temple: D:4-7

Altars:
Uskayaw


Innate Abilities, Weirdness & Mutations

You cannot be hasted, slowed, berserked, paralysed or teleported.
You can dig through walls and to a lower floor.
Your four strong arms can wield two-handed weapons with a shield.
You have a pair of large antennae on your head. (SInv)


Message History

You closely miss the orc warrior.
The orc warrior is almost dead.
The orc hits you but does no damage. The orc barely misses you.
You hit the orc warrior.
The orc warrior is almost dead.
The orc warrior hits you with a +0 war axe!
* * * LOW HITPOINT WARNING * * *
The orc completely misses you.
You hit the orc warrior.
Lightning courses through the orc warrior!
You kill the orc warrior!
Lugonu accepts your kill.
Your Invocations skill increases to level 6!
The orc hits you with a +0 short sword.
* * * LOW HITPOINT WARNING * * *
The orc throws a boomerang.
The boomerang hits you but does no damage.
The weapon returns to the orc!
The orc throws a boomerang.
The boomerang hits you.
You die...

########
##..?...##
#####........##
#.............#
.#.#.#...<.....#
........@......#
#.#.#.#o........#
........).......#
#.#.#.#).......##
.. .o.......# #.
.#.......... ..
............. #.
.............. #
####..........


You could see 2 orcs.

Vanquished Creatures
  An orc warrior (D:6)
  A phantom (D:4)
  2 centaurs (D:5)
  2 ogres (D:5)
  A crocodile (D:3)
  2 howler monkeys
  2 crimson imps (D:5)
  A jelly (D:5)
  A hound (D:4)
  3 orc priests
  A bullfrog skeleton (D:5)
  A centaur skeleton (D:5)
  A gnoll shaman (D:4)
  4 orc wizards
  Terence (D:3)
  6 worker ants
  A hound skeleton (D:5)
  A mummy (D:5)
  A worker ant zombie (D:5)
  Robin (D:3)
  17 gnolls
  6 adders
  A shadow imp (D:5)
  7 worms
  5 dart slugs
  2 leopard geckos
  12 orcs
  2 ball pythons
  7 giant cockroaches
  9 hobgoblins
  6 jackals (D:3)
  9 kobolds
  3 quokkas
  13 bats
  5 frilled lizards
  A giant cockroach zombie (D:5)
  18 goblins
  A hobgoblin zombie (D:5)
  A jackal skeleton (D:5)
  2 kobold zombies (D:5)
  An orc zombie (D:5)
  A quokka skeleton (D:5)
  6 rats
169 creatures vanquished.

Notes
Turn   | Place    | Note
-------+----------+-------------------------------------------
     0 | Abyss:1  | Descartes the Formicid Abyssal Knight began the quest for
                  | the Orb.
     0 | Abyss:1  | Reached XP level 1. HP: 18/18 MP: 2/2
    39 | Abyss:1  | Noticed a small abomination
    52 | Abyss:1  | Noticed an ettin zombie
    57 | Abyss:1  | Noticed a small abomination
    60 | D:1      | Escaped the Abyss
    81 | D:1      | Reached XP level 2. HP: 6/24 MP: 3/3
    85 | D:1      | Reached * piety under Lugonu
    85 | D:1      | Reached skill level 1 in Dodging
   762 | D:1      | Reached XP level 3. HP: 27/30 MP: 4/4
  1025 | D:2      | Reached XP level 4. HP: 32/37 MP: 5/5
  1136 | D:2      | Reached skill level 1 in Maces & Flails
  1499 | D:2      | Reached XP level 5. HP: 38/42 MP: 6/6
  1656 | D:3      | Noticed a crocodile
  1667 | D:3      | HP: 2/42 [crocodile (5)]
  1669 | D:3      | Killed a crocodile
  1964 | D:3      | Reached ** piety under Lugonu
  1990 | D:3      | Reached XP level 6. HP: 49/49 MP: 8/8
  2030 | D:3      | Found a hide-covered altar of Uskayaw.
  2030 | D:3      | Noticed a +0 hand axe
  2032 | D:3      | Noticed a +0 hand axe
  2355 | D:3      | Noticed Robin
  2365 | D:3      | Noticed Terence
  2515 | D:3      | Killed Terence
  2521 | D:3      | Killed Robin
  2676 | D:3      | Reached *** piety under Lugonu
  2820 | D:4      | Reached XP level 7. HP: 50/55 MP: 9/9
  2925 | D:4      | Reached skill level 5 in Fighting
  3411 | D:4      | Reached XP level 8. HP: 35/62 MP: 11/11
  3767 | D:5      | Entered Level 5 of the Dungeon
  3844 | D:5      | HP: 3/64 [poisoned by an orc priest]
  3851 | D:5      | HP: 2/64 [poisoned by an orc priest]
  3858 | D:5      | HP: 1/64 [poisoned by an orc priest]
  3866 | D:5      | HP: 1/64 [poisoned by an orc priest]
  4213 | D:5      | Reached skill level 5 in Invocations
  4299 | D:5      | Reached **** piety under Lugonu
  4570 | D:5      | Reached skill level 5 in Armour
  4727 | D:5      | Reached XP level 9. HP: 58/69 MP: 13/13
  5072 | D:6      | HP: 3/71 [orc/+0 short sword (2)]
  5074 | D:6      | Hit by a boomerang thrown by an orc

Levels and vault maps discovered:
D:1:      psy_arrival_whirlpool, layout_basic
D:2:      layout_loops_cross
D:3:      layout_basic, dancing_weapons_uskayaw, uniq_terence, uniq_robin
D:4:      layout_rooms
D:5:      layout_gridville, first_ration, minmay_mini_ossuary
D:6:      layout_rooms, minmay_temple_entry_gardened_gates, st_stairs_12,
          uniq_crazy_yiuf_cottage, uniq_prince_ribbit1

Skill      XL: |  1  2  3  4  5  6  7  8  9 |
---------------+----------------------------+-----
Dodging        | 1 2 3 4 |  4.4
Fighting       | 4 5 6 |  6.5
Maces & Flails | 1 2 |  2.8
Armour         | 3 4 5 |  5.6
Invocations    | 3 4 5 6 |  6.0
Axes           | 3 4 |  4.5

Action                   |  1- 3 |  4- 6 |  7- 9 || total
-------------------------+-------+-------+-------++-------
Melee: Hand axe          |    45 |       |       ||    45
       Whip              |    28 |   217 |   273 ||   518
Invok: Depart the Abyss  |     1 |       |       ||     1
 Abil: Dig               |       |     1 |     2 ||     3
  Use: Scroll            |       |       |    10 ||    10
       Potion            |       |       |     2 ||     2
  Eat: Chunk             |       |     7 |     7 ||    14
Armor: Leather armour    |    19 |       |       ||    19
       Ring mail         |    11 |    14 |       ||    25
       Chain mail        |       |   121 |   100 ||   221
Dodge: Dodged            |    55 |    86 |    89 ||   230
Block: Other             |     2 |    20 |    30 ||    52
       Reflection        |       |       |     1 ||     1
